 Dungeon Crawl Stone Soup version 0.18.1-47-g9310371 (webtiles) character file.

9578 OrDronus the Blocker (level 11, -8/84 HPs)
             Began as a Human Fighter on June 12, 2016.
             Was a High Priest of Zin.
             Mangled by a six-headed hydra (13 damage)
             ... on level 11 of the Dungeon on June 14, 2016.
             The game lasted 01:41:27 (13309 turns).

OrDronus the Blocker (Human Fighter)               Turns: 13309, Time: 01:41:29

Health: -8/84      AC: 11    Str: 16    XL:     11   Next: 77%
Magic:  15/15      EV: 14    Int:  9    God:    Zin [*****.]
Gold:   145        SH: 12    Dex: 21    Spells: 0 memorised, 10 levels left

rFire  + . .     SeeInvis .     C - +1 mace (crush)
rCold  . . .     Gourm    .     T - +0 scale mail {rF+}
rNeg   . . .     Faith    .     c - +0 shield
rPois  .         Spirit   .     (no helmet)
rElec  .         Dismiss  .     K - +0 cloak
rCorr  .         Reflect  .     (no gloves)
SustAt .         Harm     .     E - +0 pair of boots
MR     .....                    (no amulet)
Stlth  +.........               I - +5 ring of dexterity
                                R - +1 ring of protection

@: not resistant to hostile enchantments, very unstealthy
A: no striking features
a: Recite, Vitalisation, Imprison, Sanctuary, Donate Gold, Renounce Religion


You were on level 11 of the Dungeon.
You worshipped Zin.
Zin was extremely pleased with you.
You were not hungry.

You visited 2 branches of the dungeon, and saw 12 of its levels.

You collected 790 gold pieces.
You spent 566 gold pieces at shops.
You donated 79 gold pieces to Zin.

Inventory:

Hand Weapons
 d - a +1 flail of protection
 h - a +0 hunting sling
 q - a +0 arbalest
 x - a +2 flail of crushing
 C - a +1 mace of crushing (weapon)
 J - the +6 quarterstaff of Battle {crush, rElec}
   (You found it on level 6 of the Dungeon)

   It inflicts extra damage upon your enemies.
   It insulates you from electricity.
Missiles
 o - 54 bolts
 L - 30 sling bullets
Armour
 b - a +1 scale mail
 c - a +0 shield (worn)
 E - a +0 pair of boots (worn)
 K - a +0 cloak (worn)
 P - a steam dragon hide
 T - a +0 scale mail of fire resistance (worn)
Magical Staves
 Q - an uncursed staff of power
Jewellery
 i - an uncursed ring of ice
 I - a +5 ring of dexterity (right hand)
 R - a +1 ring of protection (left hand)
Wands
 s - a wand of flame (1/48)
 u - a wand of iceblast (10/15)
 y - a wand of confusion (24/48)
 A - a wand of digging (12/24)
 D - a wand of flame (0/48)
 O - a wand of lightning (8/15)
 Z - a wand of disintegration (5/24)
Scrolls
 e - 3 scrolls of enchant armour
 p - a scroll of identify
 w - 2 scrolls of magic mapping
 F - 3 scrolls of remove curse
 G - 3 scrolls of teleportation
 S - a scroll of recharging
 U - a scroll of fear {unknown}
 X - a scroll of blinking
Potions
 a - 3 potions of curing
 g - 4 potions of heal wounds
 j - a potion of ambrosia {unknown}
 k - a potion of cure mutation
 n - 2 potions of mutation {unknown}
 r - a potion of berserk rage {unknown}
 t - a potion of magic
 v - a potion of agility
 z - 2 potions of haste
 B - 3 potions of flight
 H - a potion of might
 Y - a potion of cancellation {unknown}
Books
 m - a book of Changes

   Spells                             Type                      Level
   a - Beastly Appendage              Transmutation                1
   b - Sticks to Snakes               Transmutation                2
   c - Spider Form                    Transmutation/Poison         3
   d - Ice Form                       Ice/Transmutation            4
   e - Blade Hands                    Transmutation                5
Miscellaneous
 W - an ornate deck of escape {drawn: 1}
Comestibles
 f - 11 bread rations
 l - 5 slices of pizza
 M - 3 beef jerkies
 N - 2 meat rations
 V - 4 chunks of flesh


   Skills:
 + Level 7.1 Fighting
 + Level 7.7 Maces & Flails
 * Level 2.6 Crossbows
 + Level 7.7 Armour
 + Level 7.3 Dodging
 - Level 0.7 Stealth
 + Level 8.8 Shields
 + Level 5.7 Invocations
 + Level 2.2 Evocations


You had 10 spell levels left.
You didn't know any spells.

Dungeon Overview and Level Annotations

Branches:
Dungeon (11/15)            Temple (1/1) D:4            Lair (0/8) D:11
    Orc (0/2) D:11

Altars:
Ashenzari
Dithmenos
Elyvilon
Kikubaaqudgha
Makhleb
Nemelex Xobeh
Okawaru
Qazlal
Ru
Sif Muna
Trog
Vehumet
Xom
Yredelemnul
Zin
The Shining One

Shops:
D:4 !   D:11 *

Annotations:
D:5 Pikel


Message History

The six-headed hydra bites you!
You block the six-headed hydra's attack. x3
The six-headed hydra bites you but does no damage. x2
Evoke which item? (* to show all) (? for menu, Esc to quit)
You draw a card...
It is Swap.
You swap places with the six-headed hydra.
The six-headed hydra bites you.
You block the six-headed hydra's attack.
The six-headed hydra bites you. The six-headed hydra bites you!
* * * LOW HITPOINT WARNING * * *
The six-headed hydra bites you!
* * * LOW HITPOINT WARNING * * *
The six-headed hydra bites you but does no damage.
The six-headed hydra bites you but does no damage.
The six-headed hydra misses you.
You block the six-headed hydra's attack.
The six-headed hydra bites you but does no damage.
You block the six-headed hydra's attack.
The six-headed hydra bites you!
You die...

#.....^...#####.........'D....
#.......(.# #.......D.######
###.######## #######'### #...# #..#
#.### ########.#### ###'########
#...........###### ...........#
#...........##...# ...........#
###...........##Y#.)
........>..###....##..#....?......####
# ...........##.#####.########
...........'..# #.## ...........####
#..## ###'######## ##..# # #...####
##.# # ###....# #######'#### ####
######'## #..........#####...


You could see a six-headed hydra.

Vanquished Creatures
  Erica (D:8)
  The ghost of blejac99 the Slasher, a novice TeFi of Gozag (D:7)
  A troll (D:10)
  3 two-headed ogres
  8 yaks
  2 wyverns
  A human (D:7)
  The ghost of Kloppie the Slasher, an amateur CeBe of Trog (D:3)
  2 hungry ghosts
  A hippogriff (D:8)
  A steam dragon (D:10)
  Menkaure (D:4)
  Edmund (D:3)
  A water moccasin (D:3)
  Duvessa (Temple)
  3 orc warriors
  3 sky beasts
  3 black bears (D:7)
  An ice beast (D:7)
  An eye of draining (D:9)
  2 phantoms
  2 wasps
  A centaur (D:8)
  3 ogres
  Blork the orc (D:4)
  4 big kobolds
  8 giant frogs
  Dowan (Temple)
  3 scorpions
  A water moccasin skeleton (D:9)
  6 howler monkeys
  2 crimson imps
  A quasit (D:9)
  7 hounds
  3 jellies
  11 orc wizards
  Crazy Yiuf (D:5)
  3 orc priests
  3 centaur skeletons
  2 giant frog skeletons (D:9)
  An iguana (D:7)
  12 worker ants
  2 sheep (D:7)
  A hound skeleton (D:9)
  2 worker ant zombies
  5 gnolls
  12 adders
  A shadow imp (D:7)
  An adder skeleton (D:4)
  2 worms (D:4)
  A dart slug (D:4)
  7 giant geckos
  59 orcs
  7 bats
  9 giant cockroaches
  16 goblins
  11 hobgoblins
  13 jackals
  3 quokkas
  A ball python (D:1)
  A giant gecko zombie (D:5)
  12 giant newts
  A jackal zombie (D:6)
  14 kobolds
  2 quokka skeletons
  A quokka zombie (D:5)
  8 rats
307 creatures vanquished.

Vanquished Creatures (others)
  An orc wizard (D:4)
  5 sheep (D:6)
  An orc (D:8)
7 creatures vanquished.

Grand Total: 314 creatures vanquished

Notes
Turn   | Place    | Note
--------------------------------------------------------------
     0 | D:1      | OrDronus the Human Fighter began the quest for the Orb.
     0 | D:1      | Reached XP level 1. HP: 18/18 MP: 1/1
   240 | D:1      | Reached XP level 2. HP: 14/24 MP: 2/2
   665 | D:1      | Reached XP level 3. HP: 20/29 MP: 3/3
  1309 | D:2      | Reached XP level 4. HP: 36/36 MP: 4/4
  1391 | D:2      | Reached skill level 1 in Dodging
  1451 | D:2      | Found a sacrificial altar of Ru.
  2018 | D:3      | Noticed Crazy Yiuf
  2083 | D:3      | Reached XP level 5. HP: 38/42 MP: 5/5
  2137 | D:3      | Noticed a water moccasin
  2351 | D:4      | Noticed Dowan
  2352 | D:4      | Noticed Duvessa
  2553 | D:3      | Killed a water moccasin
  2553 | D:3      | Reached skill level 4 in Shields
  2553 | D:3      | Reached XP level 6. HP: 35/48 MP: 6/6
  2805 | D:3      | Noticed Kloppie's ghost (amateur CeBe)
  2863 | D:3      | Killed Kloppie's ghost
  2863 | D:3      | Reached XP level 7. HP: 36/54 MP: 7/7
  3494 | D:4      | Found a staircase to the Ecumenical Temple.
  3577 | Temple   | Entered the Ecumenical Temple
  3584 | Temple   | Became a worshipper of Zin the Law-Giver
  3584 | Temple   | Reached * piety under Zin
  3681 | D:4      | Noticed Edmund
  3724 | D:3      | Killed Edmund
  3724 | D:3      | Reached XP level 8. HP: 58/61 MP: 8/8
  3836 | D:4      | Reached skill level 5 in Shields
  3954 | D:4      | Noticed Blork the orc
  3973 | D:4      | Noticed Menkaure
  3976 | D:4      | Killed Blork the orc
  3988 | D:4      | Killed Menkaure
  4163 | D:4      | Found an ancient bone altar of Kikubaaqudgha.
  4167 | D:4      | Found a shattered altar of Ashenzari.
  4167 | D:4      | Found a stormy altar of Qazlal.
  4167 | D:4      | Found a glowing golden altar of the Shining One.
  4524 | Temple   | HP: 3/61 [poisoned by Duvessa]
  4526 | Temple   | Killed Duvessa
  4526 | Temple   | Reached skill level 5 in Fighting
  4526 | Temple   | Reached skill level 5 in Armour
  4536 | Temple   | Killed Dowan
  4859 | D:4      | Found Gyudey's Distillery.
  4866 | D:4      | Bought a potion of curing for 42 gold pieces
  4866 | D:4      | Bought a potion of curing for 42 gold pieces
  4866 | D:4      | Bought a potion of heal wounds for 70 gold pieces
  4928 | D:5      | Entered Level 5 of the Dungeon
  5076 | D:5      | Found a shadowy altar of Dithmenos.
  5367 | D:5      | Killed Crazy Yiuf
  5371 | D:5      | Reached ** piety under Zin
  5822 | D:5      | Reached XP level 9. HP: 68/68 MP: 9/9
  5825 | D:5      | Noticed Pikel
  5855 | D:6      | Reached skill level 5 in Dodging
  6037 | D:6      | Reached skill level 1 in Invocations
  6046 | D:6      | Reached skill level 1 in Evocations
  6132 | D:6      | Reached skill level 5 in Maces & Flails
  6149 | D:6      | Got a jewelled quarterstaff
  6192 | D:6      | Reached skill level 6 in Shields
  6323 | D:6      | Found a shimmering altar of Xom.
  6815 | D:7      | Found a bloodstained altar of Trog.
  6878 | D:7      | Identified the +6 quarterstaff of Battle {crush, rElec} (You found it on level 6 of the Dungeon)
  7084 | D:7      | Noticed blejac99's ghost (novice TeFi)
  7145 | D:7      | Killed blejac99's ghost
  7145 | D:7      | Reached XP level 10. HP: 46/76 MP: 3/11
  7232 | D:7      | Reached skill level 7 in Shields
  8861 | D:8      | Reached *** piety under Zin
  8969 | D:8      | Found a radiant altar of Vehumet.
  8973 | D:8      | Found a white marble altar of Elyvilon.
  9357 | D:8      | Noticed Erica
  9377 | D:8      | Killed Erica
  9870 | D:9      | Reached XP level 11. HP: 83/83 MP: 14/14
  9884 | D:9      | Reached skill level 8 in Shields
 10216 | D:9      | Reached **** piety under Zin
 10544 | D:9      | Reached skill level 5 in Invocations
 10837 | D:9      | Upgraded the game from 0.18.1-8-gdd0e5ea to 0.18.1-47-g9310371
 10985 | D:10     | Entered Level 10 of the Dungeon
 11496 | D:10     | Reached skill level 1 in Crossbows
 11588 | D:10     | Reached ***** piety under Zin
 11629 | D:10     | Noticed a hill giant
 12096 | D:11     | Found a staircase to the Lair.
 12308 | D:11     | Found a staircase to the Orcish Mines.
 13052 | D:11     | Found Wathorel's General Store.
 13057 | D:11     | Bought an ornate deck of escape for 300 gold pieces
 13057 | D:11     | Bought a scroll of blinking for 112 gold pieces
 13262 | D:11     | Noticed a six-headed hydra
 13308 | D:11     | HP: 4/84 [six-headed hydra (12)]
 13309 | D:11     | Mangled by a six-headed hydra

Skill      XL: |  1  2  3  4  5  6  7  8  9 10 11 |
---------------+----------------------------------+-----
Dodging        | 2 3 4 5 6 7 |  7.3
Fighting       | 4 5 6 7 |  7.1
Shields        | 4 5 6 7 8 |  8.8
Armour         | 4 5 6 7 |  7.7
Maces & Flails | 3 4 5 6 7 |  7.7
Invocations    | 2 4 5 |  5.7
Evocations     | 1 2 |  2.2
Crossbows      | 2 |  2.6
Stealth        | |  0.7

Action                   |  1- 3 |  4- 6 |  7- 9 | 10-12 || total
-------------------------+-------+-------+-------+-------++-------
Melee: Flail             |    63 |       |   169 |       ||   232
       Mace              |    61 |   145 |   334 |   825 ||  1365
Invok: Recite            |       |       |     8 |    40 ||    48
       Vitalisation      |       |       |       |     4 ||     4
       Imprison          |       |       |       |     1 ||     1
Evoke: Wand              |       |     4 |    16 |    20 ||    40
       Deck              |       |       |       |     1 ||     1
  Use: Scroll            |       |     7 |     8 |     8 ||    23
       Potion            |       |     2 |     5 |       ||     7
 Stab: Confused          |       |       |       |    13 ||    13
       Invisible         |       |       |       |     3 ||     3
  Eat: Chunk             |     1 |     6 |    11 |    18 ||    36
       Fruit             |       |       |     3 |       ||     3
       Pizza             |       |       |     1 |     3 ||     4
       Beef jerky        |       |       |     1 |       ||     1
Armor: Scale mail        |    44 |    83 |   222 |   205 ||   554
Dodge: Dodged            |    19 |    63 |   208 |   296 ||   586
Block: Shield            |    47 |    91 |   267 |   411 ||   816
